 Seeded DCSS version 0.30-a0-924-g0ad0bf95bc (webtiles) character file.

Game seed: 3125986916090331667 (custom seed)

4 Parcival the Trooper (level 1, 18/20 HPs)
             Began as a Minotaur Fighter on Mar 22, 2023.
             Quit the game on level 1 of the Dungeon.
             The game lasted 00:00:53 (46 turns).

Parcival the Trooper (Minotaur Fighter)               Turns: 46, Time: 00:00:53

Health: 18/20      AC:  7    Str: 20    XL:     1   Next: 50%
Magic:  0/0        EV:  9    Int:  5    God:
Gold:   0          SH:  4    Dex:  9    Spells: 0/0 levels left

rFire   . . .      SeeInvis .    e - +9 staff of Olgreb {rPois∞}
rCold   . . .      Faith    .    c - +0 buckler
rNeg    . . .      Spirit   .    b - +0 scale mail
rPois   ∞          Reflect  .    (helmet restricted)
rElec   .          Rampage  .    (no cloak)
rCorr   .                        (no gloves)
Will    .....                    (no boots) Stlth
                                 (no amulet)
HPRegen 0.23/turn                (no ring)
MPRegen 0.07/turn                (no ring)

@: no status effects
A: horns 2, retaliatory headbutt
a: Evoke the Staff of Olgreb


You were on level 1 of the Dungeon.
You visited 1 branch of the dungeon, and saw 1 of its levels.

Inventory:

Hand Weapons
 a - a +0 war axe
 e - the +9 staff of Olgreb (weapon) {rPois∞}
   (You acquired it on level 1 of the Dungeon)

   It enhances your poison magic.
   It grants immunity to poison.
   It can be activated via the 'a'bility menu to radiate toxic energy, with
   effectiveness depending on Evocations skill.
Armour
 b - a +0 scale mail (worn)
 c - a +0 buckler (worn)
Potions
 d - a potion of might


   Skills:
 + Level 3.8 Fighting
 + Level 2.4 Axes
 + Level 3.7 Armour
 + Level 3.7 Shields


You couldn't memorise any spells.
You didn't know any spells.
Your spell library was empty.

Dungeon Overview and Level Annotations

Branches:
Dungeon (1/15)

Altars:


Innate Abilities, Weirdness & Mutations

You have a pair of horns on your head.
You reflexively headbutt those who attack you in melee.


Message History

The endoplasm hits you but does no damage.
The endoplasm attacks as you move away! You block the endoplasm's attack.
You slash the goblin!
You kill the goblin!
You hit the endoplasm but do no damage. The endoplasm barely misses you.
You closely miss the goblin. You hit the endoplasm.
The goblin barely misses you. The endoplasm freezes you.
You are frozen.
You closely miss the goblin. You headbutt the goblin.
You kill the goblin!
You slash the endoplasm!
You kill the endoplasm!
You see here a +0 club.
e - a scroll labelled ROKLIF FIDEHY This is a scroll of acquirement!
Something appears at your feet!
You see here a +0 club.
You see here the +9 staff of Olgreb {rPois∞}.
You smell chlorine.
e - the +9 staff of Olgreb (weapon)
{rPois∞}
Okay, then.
A ball python comes into view.
Found an escape hatch in the floor.
The ball python hisses angrily.
A ball python is nearby!
A ball python is nearby!
The ball python bites you. The ball python grabs you.
The ball python constricts you.
You escape the ball python's grasp.
There is an escape hatch in the floor here.
Found a ring mail.
The ball python bites you but does no damage.
You block the ball python's attack.
The ball python attacks as you move away!
The ball python bites you. The ball python barely misses you.
The ball python closely misses you. The ball python barely misses you.
You sock the ball python!
You kill the ball python!
Are you sure you want to abandon this character and quit the game? (Confirm with "yes".)

## ### ## ##.##.. .#
##...#.# .#
##......#### .#
#..........# .#
#...##.# .#
##..##.##.#
##@>.....#
#..##.#.###### .
#.#.##........# #.
#.##.####.####.####..
## #.# #.##..)......
#.. ..##...)...#. #..
..###....#....
#.[..........>....
....###.#.......


There were no monsters in sight!

Vanquished Creatures
  An endoplasm (D:1)
  A ball python (D:1)
  2 goblins (D:1)
4 creatures vanquished.

Notes
Turn   | Place    | Note
-------+----------+-------------------------------------------
     0 | D:1      | Parcival the Minotaur Fighter began the quest for the Orb.
     0 | D:1      | Reached XP level 1. HP: 19/19 MP: 0/0
    25 | D:1      | Identified a scroll of acquirement
    25 | D:1      | Acquired the +9 staff of Olgreb {rPois∞}
    25 | D:1      | Found the +9 staff of Olgreb {rPois∞}
    46 | D:1      | Quit the game

Illustrated notes

Levels and vault maps discovered:
D:1:      amcnicky_arrival_single_pillar, layout_loops_cross,
          hangedman_glass_garden

Action                     || total
---------------------------++-------
  Melee: War axe           ||     3
         Staff             ||     1
         Headbutt          ||     1
    Use: Scroll            ||     1
 Armour: Scale mail        ||     4
  Dodge: Dodged            ||     6
  Block: Buckler           ||     2

Table legend: (Time is in decaauts)
 A = Elapsed time spent in this place.
 B = Non-inter-level travel time spent in this place.
 C = Inter-level travel time spent in this place.
 D = Time resting spent in this place.
 E = Time spent auto-exploring this place.
 F = Levels seen in this place.
 G = Mean time per level.
                   A        B        C        D        E       F      G
               +--------+--------+--------+--------+--------+-----+--------+
         Total |     47 |     36 |     11 |      0 |      0 |   1 |   47.0 |
       Dungeon |     47 |     36 |     11 |      0 |      0 |   1 |   47.0 |
               +--------+--------+--------+--------+--------+-----+--------+

Top non-repeatable levels by time:
     D:1: 47 daAuts
